 Dungeon Crawl Stone Soup version 0.18.1-50-g88ac8fd (webtiles) character file.

1872 Fiskpinne the Zephyrmancer (level 9, -3/45 HPs)
             Began as a Tengu Air Elementalist on Oct 8, 2016.
             Was an Initiate of Vehumet.
             Shot with an arrow by a centaur (16 damage)
             ... on level 7 of the Dungeon.
             The game lasted 00:32:12 (7483 turns).

Fiskpinne the Zephyrmancer (Tengu Air Elementalist) Turns: 7483, Time: 00:32:12

Health: -3/45      AC:  2    Str:  9    XL:     9   Next: 14%
Magic:  2/13       EV: 12    Int: 19    God:    Vehumet [......]
Gold:   360        SH:  0    Dex: 14    Spells: 3 memorised, 3 levels left

rFire  . . .     SeeInvis .     v - +0 falchion
rCold  . . .     Gourm    .     a - +0 robe
rNeg   . . .     Faith    .     (no shield)
rPois  .         Spirit   .     (helmet restricted)
rElec  .         Dismiss  .     (no cloak)
rCorr  +         Reflect  .     (no gloves)
SustAt .         Harm     .     (boots unavailable)
MR     .....                    (no amulet)
Stlth  ++........               q - ring of resist corrosion
                                (no ring)

@: not resistant to hostile enchantments, unstealthy
A: beak, talons 3, able to fly 1
a: Fly, Renounce Religion


You were on level 7 of the Dungeon.
You worshipped Vehumet.
Vehumet was noncommittal.
You were hungry.

You visited 2 branches of the dungeon, and saw 8 of its levels.
You also visited: Sewer.

You collected 360 gold pieces.

Inventory:

Hand Weapons
 v - a +0 falchion (weapon)
Missiles
 d - 304 stones (quivered)
Armour
 a - a +0 robe (worn)
Rods
 l - a +0 rod of clouds (11/11)
   (You found it on level 2 of the Dungeon)
Jewellery
 n - an uncursed ring of ice
 q - a ring of resist corrosion (right hand)
 M - an uncursed ring of protection from magic {unknown}
Wands
 o - a wand of enslavement (12/24)
 r - a wand of slowing (34/48)
 s - a wand of teleportation (4/9)
 y - a wand of flame (12/48)
 I - a wand of teleportation (5/9)
 J - a wand of paralysis (17/24)
Scrolls
 e - 2 scrolls of blinking {unknown}
 g - a scroll of identify
 k - 3 scrolls of fog
 m - 2 scrolls of remove curse
 t - a scroll of noise {unknown}
 z - a scroll of teleportation {unknown}
 D - a scroll of magic mapping {unknown}
 G - a scroll of enchant weapon {unknown}
 H - a scroll of amnesia {unknown}
 L - a scroll of random uselessness {unknown}
Potions
 f - 3 potions of flight {unknown}
 h - 2 potions of lignification {unknown}
 w - 4 potions of heal wounds
 A - a potion of agility {unknown}
 B - 4 potions of curing {unknown}
 C - 2 potions of brilliance
 F - a potion of ambrosia {unknown}
 K - a potion of invisibility {unknown}
Books
 b - a book of Air

   Spells                             Type                      Level
   a - Shock                          Conjuration/Air              1
   b - Swiftness                      Charms/Air                   2
   c - Repel Missiles                 Charms/Air                   2
   d - Static Discharge               Conjuration/Air              3
   e - Lightning Bolt                 Conjuration/Air              5
 u - a book of Dreams

   Spells                             Type                      Level
   a - Ensorcelled Hibernation        Hexes/Ice                    2
   b - Silence                        Hexes/Air                    5
   c - Darkness                       Hexes                        6
   d - Shadow Creatures               Summoning                    6
 E - a book of Cantrips

   Spells                             Type                      Level
   a - Corona                         Hexes                        1
   b - Animate Skeleton               Necromancy                   1
   c - Summon Small Mammal            Summoning                    1
   d - Apportation                    Translocation                1
Comestibles
 c - 8 bread rations
 i - 7 fruits
 j - a royal jelly
 p - a slice of pizza
 x - a meat ration
 N - 6 beef jerkies


   Skills:
 + Level 4.1 Long Blades
 - Level 2.1 Dodging
 - Level 2.0 Stealth
 - Level 2.0 Spellcasting
 * Level 9.9 Conjurations
 * Level 10.7 Air Magic


You had 3 spell levels left.
You knew the following spells:

 Your Spells              Type           Power        Failure   Level  Hunger
a - Shock                 Conj/Air       ####         1%          1    #......
b - Static Discharge      Conj/Air       #####...     1%          3    ###....
c - Lightning Bolt        Conj/Air       #####.....   10%         5    ######.


Dungeon Overview and Level Annotations

Branches:
Dungeon (7/15)             Temple (1/1) D:5

Altars:
Ashenzari
Cheibriados
Dithmenos
Elyvilon
Fedhas
Gozag
Kikubaaqudgha
Okawaru
Pakellas
Qazlal
Ru
Vehumet
Yredelemnul
The Shining One

Shops:
D:6 (   D:7 }


Innate Abilities, Weirdness & Mutations

You have a beak for a mouth.
You have claws for feet.
You can fly.


Message History

Aim: a phantom (severely damaged)
The zap hits the phantom.
The phantom is almost destroyed.
The zap hits the centaur.
The centaur is lightly wounded.
Casting: Shock
Confirm with . or Enter, or press ? or * to list all spells.
You don't have enough magic to cast that spell.
Unknown command.
Unknown command.
The centaur wields a shortbow.
The centaur shoots an arrow.
The arrow misses you.
The centaur shoots an arrow.
The arrow hits you.
You see here an arrow.
The phantom blinks!
The centaur shoots an arrow.
The arrow hits you!
You see here an arrow.
The centaur shoots an arrow.
The arrow hits you!
* * * LOW HITPOINT WARNING * * *
The centaur shoots an arrow.
The arrow hits you!
You die...

#........##......
# #..#####.#
..... #c(# #.#
.... #(§# #.# ...
#..# #.# '#
#..#####.# #
##.(.....# #
###.##### .
####@#### .. #
#.......# ... #
#.##.##.##
...####
#.##......
##......
#.#####.###
..#####
#.#####.### #.# #
#....8.8.8#
#.#####
#####.⌠.⌠.#
#......
#8.∩.8#####.##.##


You could see a centaur.

Vanquished Creatures
  Sigmund (D:2)
  An orc warrior (D:6)
  A sky beast (D:6)
  4 ogres
  A big kobold (Sewer)
  2 giant frogs
  3 scorpions
  2 howler monkeys
  2 crimson imps
  2 orc priests (D:6)
  3 centaur skeletons (D:6)
  3 hounds
  An orc wizard (D:3)
  A giant frog skeleton (D:4)
  Terence (D:3)
  Natasha (thrice) (D:2)
  2 worker ants (D:5)
  A howler monkey zombie (D:6)
  12 adders
  3 shadow imps (D:6)
  2 oozes (Sewer)
  An adder skeleton (D:4)
  A worm (D:2)
  3 dart slugs
  5 giant geckos
  5 orcs
  4 giant cockroaches
  7 goblins
  6 hobgoblins
  11 jackals
  2 quokkas
  5 ball pythons
  11 bats
  A giant gecko zombie (D:6)
  10 giant newts
  20 kobolds
  6 rats
149 creatures vanquished.

Notes
Turn   | Place    | Note
--------------------------------------------------------------
     0 | D:1      | Fiskpinne the Tengu Air Elementalist began the quest for the Orb.
     0 | D:1      | Reached XP level 1. HP: 10/10 MP: 4/4
   309 | D:1      | Reached XP level 2. HP: 13/15 MP: 3/6
   918 | D:2      | Reached XP level 3. HP: 19/19 MP: 4/7
   920 | D:2      | Noticed Sigmund
  1214 | D:2      | Reached skill level 5 in Air Magic
  1327 | D:2      | Killed Sigmund
  1327 | D:2      | Reached skill level 6 in Air Magic
  1327 | D:2      | Reached XP level 4. HP: 5/24 MP: 0/8
  1327 | D:2      | Gained mutation: You can fly. [Tengu growth]
  1327 | D:2      | Reached XP level 5. HP: 5/28 MP: 0/9
  1746 | D:2      | Noticed Natasha
  1749 | D:2      | Killed Natasha
  1749 | D:2      | Reached skill level 5 in Conjurations
  1749 | D:2      | Reached XP level 6. HP: 23/32 MP: 1/10
  2017 | D:2      | Noticed Natasha
  2020 | D:2      | Killed Natasha
  2030 | D:2      | Noticed Natasha
  2034 | D:2      | Killed Natasha
  2034 | D:2      | Reached skill level 7 in Air Magic
  2383 | D:3      | Found a blossoming altar of Fedhas.
  2672 | D:3      | Noticed Terence
  2681 | D:3      | Killed Terence
  2681 | D:3      | Reached XP level 7. HP: 36/36 MP: 4/11
  2797 | D:3      | Found a snail-covered altar of Cheibriados.
  3216 | D:4      | Reached skill level 8 in Air Magic
  3335 | D:4      | Reached skill level 1 in Long Blades
  3356 | D:4      | Learned a level 3 spell: Static Discharge
  3362 | D:4      | Learned a level 5 spell: Lightning Bolt
  3610 | D:5      | Entered Level 5 of the Dungeon
  3852 | D:5      | Found a glowing drain.
  3903 | D:5      | HP: 1/36 [crimson imp (2)]
  3941 | D:5      | Reached XP level 8. HP: 3/41 MP: 2/12
  4223 | Sewer    | Entered a sewer
  4473 | Sewer    | Reached skill level 9 in Air Magic
  4972 | D:5      | Found a staircase to the Ecumenical Temple.
  5170 | Temple   | Entered the Ecumenical Temple
  5304 | Temple   | Became a worshipper of Vehumet
  6113 | D:6      | Found Birien's Weapon Emporium.
  6517 | D:6      | Reached skill level 10 in Air Magic
  6854 | D:6      | Reached XP level 9. HP: 40/45 MP: 13/13
  7421 | D:7      | Found Loxetro's Gadget Emporium.
  7483 | D:7      | Shot with an arrow by a centaur

Skill      XL: |  1  2  3  4  5  6  7  8  9 |
---------------+----------------------------+-----
Conjurations   | 2 4 5 6 7 9 |  9.9
Air Magic      | 6 7 8 10 | 10.7
Long Blades    | 2 3 4 |  4.1
Dodging        | |  2.1
Stealth        | |  2.0
Spellcasting   | |  2.0

Action                   |  1- 3 |  4- 6 |  7- 9 || total
-------------------------+-------+-------+-------++-------
Melee: Unarmed           |    33 |     9 |       ||    42
       Peck              |     5 |     2 |    10 ||    17
       Kick              |     5 |     1 |    12 ||    18
       Falchion          |       |       |    60 ||    60
 Cast: Shock             |    67 |    88 |   236 ||   391
       Static Discharge  |       |       |    10 ||    10
       Lightning Bolt    |       |       |     2 ||     2
Evoke: Wand              |       |       |    13 ||    13
  Use: Scroll            |     1 |       |     3 ||     4
       Potion            |       |       |     4 ||     4
  Eat: Chunk             |     1 |     4 |    11 ||    16
       Fruit             |     3 |       |       ||     3
       Bread ration      |       |       |     2 ||     2
Armor: Robe              |     5 |    14 |    18 ||    37
Dodge: Dodged            |    50 |    21 |   102 ||   173
